Map: Ruins of Seras

Players

Javert

  • Race: Zerg Zerg
  • League: Grandmaster

JAKING - Winner!

  • Race: Terran Terran
  • League: Master

VOD

Have the link to the VOD?

Description

Time

  • Played on: July 15, 2015, 1:10 a.m.
  • Length: 20:05
Show
View Real Time Build Order
Export as new Build Order

Javert Zerg 

Build Orders: Hatch First 

Get SALT Encoding   

  12  0:01  Drone  
  13  0:16  Overlord  
  13  0:20  Drone  
  14  0:34  Drone x2  
  16  0:38  Drone  
  17  0:49  Drone  
  18  1:00  Hatchery, Drone  
  18  1:10  Extractor  
  17  1:12  Drone  
  18  1:22  Spawning Pool  
  18  1:24  Drone  
  18  1:35  Drone  
  19  1:42  Drone  
  20  1:55  Drone  
  21  2:05  Drone  
  22  2:11  Queen  
  22  2:13  Queen  
  22  2:14  Hatchery  
  25  2:20  Overlord  
  25  2:23  Zergling x2  
  25  2:26  Zergling x2  
  25  2:29  Zergling x2  
  26  3:25  Queen x2  
  26  3:35  Zergling x6  
  26  3:36  Zergling x4  
  26  3:39  Metabolic Boost  
  31  3:41  Queen  
  33  3:51  Drone x2  
  33  3:52  Drone x5  
  36  4:30  Zergling x12  
  41  4:36  Queen  
  41  4:37  Lair  
  41  4:39  Extractor  
  41  4:41  Drone x2, Extractor  
  40  4:49  Drone x2  
  39  5:20  Zergling x6  
  41  5:31  Overlord x2, Extractor  
  40  5:41  Queen  
  42  5:43  Spore Crawler  
  42  5:46  Burrow  
  42  5:47  Drone  
  42  5:48  Overlord  
  42  5:49  Queen  
  43  5:52  Spore Crawler  
  43  5:55  Spore Crawler  
  39  6:07  Spire  
  38  6:27  Overlord  
  38  6:29  Overseer  
  34  6:43  Drone x5  
  34  6:44  Drone  
  40  7:06  Overlord x2  
  40  7:09  Drone  
  40  7:26  Drone x5  
  45  7:32  Mutalisk  
  47  7:42  Mutalisk  
  49  7:56  Mutalisk x3  
  54  8:00  Mutalisk  
  56  8:06  Drone x3  
  59  8:13  Mutalisk  
  59  8:16  Drone x2  
  59  8:17  Drone  
  64  8:24  Drone  
  64  8:25  Drone x3  
  68  8:33  Mutalisk x2  
  72  8:41  Zergling x6  
  72  8:42  Zergling x2  
  72  8:48  Baneling Nest  
  73  8:59  Zergling x14  
  73  9:00  Zergling x4  
  62  9:17  Mutalisk x5  
  62  9:29  Zergling x18  
  68  9:42  Zergling x8  
  68  9:43  Zergling x8  
  68  10:01  Mutalisk x6  
  79  10:08  Drone x3  
  79  10:13  Baneling  
  79  10:14  Centrifical Hooks, Baneling x3  
  82  10:23  Overlord x2  
  76  10:43  Mutalisk x2  
  74  11:01  Zergling x6  
  74  11:02  Zergling x28  
  86  11:32  Zergling x16  
  90  11:37  Baneling  
  90  11:38  Baneling x7  
  88  11:59  Drone x6  
  94  12:16  Hatchery  
  93  12:35  Baneling x7  
  82  12:54  Zergling x18  
  82  12:55  Zergling x16  
  92  13:17  Mutalisk  
  92  13:18  Mutalisk x3  
  94  13:41  Infestation Pit  
  94  13:42  Evolution Chamber  
  94  13:44  Evolution Chamber  
  86  13:48  Mutalisk  
  86  13:49  Mutalisk x3  
  86  13:54  Hatchery  
  93  13:58  Drone x3  
  93  13:59  Drone x7  
  103  14:09  Baneling  
  103  14:10  Baneling x4  
  103  14:15  Extractor  
  102  14:18  Extractor  
  101  14:28  Extractor  
  100  14:35  Overlord x2  
  100  14:36  Drone  
  100  14:37  Overlord x2  
  101  14:38  Zerg Melee Weapons Level 1  
  101  14:45  Overlord x2  
  101  14:48  Overlord  
  72  15:04  Zergling x20  
  72  15:05  Zergling x10  
  86  15:09  Baneling x8  
  70  15:31  Drone x2  
  70  15:32  Drone x4  
  75  15:35  Zergling x2  
  75  15:36  Zergling x6  
  75  15:42  Hatchery, Baneling x3  
  79  15:43  Baneling x4  
  78  16:17  Zergling x2  
  78  16:18  Zergling x30  
  82  16:23  Queen  
  83  16:29  Extractor  
  83  16:30  Extractor  
  83  16:31  Queen x2  
  85  16:35  Hive  
  85  16:36  Zerg Ground Armor Level 1  
  80  17:11  Mutalisk x3  
  80  17:12  Mutalisk x3  
  90  17:31  Mutalisk x3  
  93  17:41  Zergling x2  
  93  17:42  Zergling x26  
  99  18:05  Mutalisk  
  99  18:06  Mutalisk x4  
  109  18:18  Extractor  
  96  18:20  Extractor  
  96  18:24  Baneling  
  96  18:25  Baneling x4  
  78  18:44  Zergling x30  
  86  18:58  Zergling x14  
  53  19:34  Zergling x18  
Show
View Real Time Build Order
Export as new Build Order

JAKING Terran - Winner!

Build Orders:  

Get SALT Encoding   

  12  0:02  SCV  
  13  0:15  SCV  
  14  0:21  Supply Depot  
  14  0:27  SCV  
  15  0:43  SCV  
  15  0:46  Barracks  
  16  0:50  Refinery  
  16  0:55  SCV  
  17  1:07  SCV  
  17  1:08  Barracks  
  18  1:19  SCV  
  19  1:28  Refinery  
  19  1:31  SCV  
  20  1:34  Reaper  
  21  1:43  SCV  
  21  1:46  Supply Depot  
  22  1:57  Reaper, Orbital Command  
  23  2:10  Reaper  
  24  2:22  Factory  
  24  2:26  SCV, Supply Depot  
  26  2:30  Reaper  
  26  2:40  Supply Depot  
  26  2:42  Reaper  
  27  3:02  Reaper  
  27  3:03  SCV  
  29  3:15  SCV  
  29  3:16  Reaper  
  29  3:27  SCV, Supply Depot  
  29  3:29  Starport  
  29  3:34  Reaper  
  31  3:39  SCV  
  32  3:51  Reaper  
  33  4:09  SCV  
  33  4:17  Starport Tech Lab  
  33  4:18  Factory Tech Lab  
  33  4:20  Command Center  
  33  4:21  SCV  
  33  4:48  Banshee  
  33  4:49  Cloaking Field  
  33  4:51  Supply Depot  
  36  4:55  SCV  
  37  5:03  Siege Tank  
  36  5:22  SCV  
  36  5:23  Marine  
  36  5:24  Marine  
  36  5:27  Command Center  
  39  5:31  Supply Depot  
  39  5:32  SCV  
  39  5:34  SCV  
  39  5:35  Supply Depot, Siege Tank  
  44  5:50  SCV  
  44  5:51  Orbital Command  
  44  5:54  Banshee  
  48  5:57  Barracks Tech Lab  
  48  6:02  Barracks Reactor, SCV  
  48  6:07  Siege Tank  
  50  6:14  SCV  
  51  6:20  Stimpack, Marine  
  52  6:27  SCV  
  53  6:38  Marine  
  54  6:40  SCV  
  54  6:44  Siege Tank  
  58  6:52  SCV  
  59  7:02  SCV  
  59  7:04  Refinery  
  59  7:07  Refinery  
  60  7:18  SCV  
  60  7:20  Marine x2  
  60  7:28  Orbital Command  
  60  7:29  SCV  
  61  7:30  SCV  
  61  7:32  Medivac x2  
  66  7:38  Marine  
  67  7:48  SCV x2  
  67  7:50  Bunker  
  69  7:54  SCV  
  70  8:00  SCV x2  
  70  8:03  Siege Tank  
  70  8:05  Marine x2  
  77  8:06  SCV  
  77  8:07  Concussive Shells  
  77  8:10  Viking x2  
  77  8:12  SCV x2  
  84  8:16  Engineering Bay  
  84  8:17  Engineering Bay  
  84  8:18  SCV  
  85  8:21  Barracks  
  85  8:23  Marauder x2  
  85  8:24  SCV x2  
  91  8:29  Barracks  
  91  8:31  SCV  
  92  8:36  SCV  
  93  8:44  Medivac x2  
  93  8:47  Starport  
  97  8:52  Factory  
  94  9:09  Orbital Command  
  91  9:11  SCV, Marine x2  
  84  9:29  Marine x2  
  84  9:30  SCV  
  87  9:33  SCV  
  88  9:39  Siege Tank  
  88  9:41  Terran Infantry Weapons Level 1, Terran Infantry Armor Level 1  
  88  9:44  SCV x2  
  88  9:45  Armory  
  93  9:47  Marine x2  
  93  9:53  Refinery x2, Missile Turret  
  93  9:56  SCV  
  82  10:00  SCV  
  82  10:04  Factory Tech Lab  
  82  10:05  Command Center, SCV, Marine x2  
  82  10:06  Starport Reactor  
  80  10:07  Barracks Reactor  
  80  10:12  Barracks Reactor  
  80  10:13  SCV  
  78  10:16  Missile Turret  
  78  10:18  SCV  
  78  10:20  Missile Turret  
  79  10:22  SCV, Marine x2  
  79  10:23  Missile Turret  
  79  10:25  SCV  
  82  10:35  SCV, Missile Turret  
  83  10:36  SCV  
  83  10:38  Missile Turret  
  83  10:40  Marine x2  
  79  10:55  Missile Turret  
  70  10:57  Marine x2  
  70  10:58  Siege Tank, Marine x3  
  78  11:06  Marine  
  78  11:11  Missile Turret  
  78  11:12  Missile Turret  
  78  11:15  Marine x3  
  78  11:16  Marine x2  
  83  11:24  Marine  
  83  11:28  SCV  
  83  11:29  SCV  
  83  11:37  Missile Turret x2  
  83  11:41  Refinery  
  81  11:47  SCV  
  81  11:59  Orbital Command  
  81  12:03  SCV  
  81  12:04  SCV x2  
  84  12:10  Factory Tech Lab  
  84  12:15  SCV  
  85  12:16  SCV, Supply Depot  
  85  12:17  SCV  
  87  12:27  SCV  
  87  12:28  SCV  
  87  12:30  Marine x2  
  87  12:31  Marine  
  87  12:32  SCV  
  87  12:35  Engineering Bay  
  87  12:36  Supply Depot  
  87  12:37  Supply Depot  
  90  12:39  SCV, Marine, Liberator x2  
  90  12:40  Marine  
  90  12:42  Command Center  
  84  13:00  Siege Tank  
  84  13:01  Marine x2  
  84  13:02  SCV, Starport, Marauder  
  87  13:10  Orbital Command  
  75  13:16  Marine  
  75  13:18  Marine  
  75  13:19  Marine  
  73  13:22  Marine  
  73  13:24  SCV  
  73  13:27  Refinery x2  
  73  13:29  Barracks  
  73  13:32  Siege Tank  
  76  13:36  SCV, Marine x2  
  79  13:49  Orbital Command  
  79  13:50  Marine x2  
  79  13:51  SCV, Medivac  
  79  13:55  Medivac  
  85  13:57  Medivac  
  85  14:02  Orbital Command  
  69  14:21  Siege Tank, Medivac  
  73  14:29  SCV  
  73  14:30  Marine x2  
  76  14:36  SCV  
  77  14:43  Factory Tech Lab, Orbital Command  
  77  14:45  SCV  
  72  15:05  SCV  
  72  15:13  Siege Tank  
  75  15:19  Starport Reactor  
  64  15:34  Marine x4  
  68  15:36  Thor, SCV  
  68  15:40  SCV  
  68  15:42  Marine  
  77  15:45  SCV  
  77  15:46  Barracks Reactor, Starport Reactor  
  77  15:47  Refinery x2  
  77  15:48  SCV  
  79  15:50  Supply Depot  
  79  15:52  Marine  
  79  15:53  SCV, Supply Depot  
  79  15:56  Supply Depot x2  
  81  15:59  SCV  
  81  16:00  Marine x2  
  73  16:25  SCV  
  73  16:30  SCV  
  74  16:33  SCV  
  74  16:37  SCV  
  74  16:38  Marine x2  
  78  16:42  SCV  
  78  16:45  SCV  
  78  16:46  SCV  
  81  16:49  SCV  
  81  16:50  Liberator  
  82  16:54  SCV  
  82  16:57  SCV  
  82  16:58  SCV  
  84  17:01  SCV  
  84  17:05  Marine x2  
  84  17:06  Command Center  
  84  17:07  Unknown  
  84  17:08  Marine  
  91  17:10  SCV x2  
  89  17:17  Marine x2  
  89  17:18  Marine x2  
  89  17:19  Supply Depot  
  93  17:23  Marine  
  93  17:29  SCV x2  
  92  17:30  SCV  
  92  17:40  Orbital Command  
  92  17:41  SCV x2  
  92  17:42  SCV  
  95  17:53  SCV  
  95  17:54  SCV  
  91  18:12  Marine x3  
  92  18:13  Marine x3  
  92  18:15  SCV  
  92  18:17  Supply Depot  
  98  18:22  Refinery  
  98  18:23  Refinery  
  98  18:40  Supply Depot  
  89  18:54  Marine x3  
  89  18:55  SCV, Marauder  
  95  18:56  Orbital Command  
  95  19:02  SCV, Factory  
  96  19:03  Supply Depot  
  96  19:05  SCV  
  96  19:07  SCV  
  98  19:10  SCV  
  98  19:14  SCV, Refinery  
  100  19:18  SCV  
  100  19:19  Marine x2  
  100  19:20  Marine x2  
  100  19:23  SCV  
  100  19:24  Refinery  
  106  19:30  SCV  
  102  19:42  SCV  
  103  19:47  Supply Depot  
  103  19:50  Refinery  
  103  19:52  SCV  
Tags
 
Add a new tag
Caveats
  • Supply blocks, unpowered buildings, or Contaminate may cause inaccurate times.
  • Supply counts are checked every 10 seconds.